[Event "Titled Tuesday Blitz April 26 Late 2022"]
[White "Yanayt, Eugene"]
[Black "Licznerski, Lukasz"]
[WhiteFideId "2020165"]
[BlackFideId "1179250"]
[WhiteElo "2046"]
[BlackElo "2422"]
[Result "0-1"]
[Round "06"]
[TimeControl "180+1"]
[Date "2022.04.26"]
[WhiteClock "0:00:11"]
[BlackClock "0:00:07"]

1. d4 Nf6 2. c4 g6 3. Nc3 d5 4. cxd5 Nxd5 5. Bd2 Nb6 6. Bf4 Bg7 7. Nf3 O-O 8. e4 Bg4 9. Be3 Nc6 10. d5 Ne5 11. Be2 Bxf3 12. gxf3 c6 13. dxc6 Nxc6 14. Qb3 Nd4 15. Qd1 Rc8 16. Rc1 e6 17. f4 Qd7 18. O-O Rfd8 19. Bg4 h5 20. Bh3 Nc4 21. Re1 Nxb2 22. Bxd4 Nxd1 23. Bxg7 Nxf2 24. Kxf2 Kxg7 25. Rcd1 Qc7 26. Ne2 Qb6+ 27. Kf1 Rc2 28. Rb1 Qe3 29. Rb3 Rd3 30. Rxd3 Qxd3 31. Bg2 Rxa2 32. Kf2 Qd4+ 33. Kf3 Qd3+ 34. Kf2 b5 35. Bf1 b4 36. Rc1 b3 37. Kg1 Rxe2 38. Bxe2 Qe3+ 39. Kg2 Qxc1 40. Kf2 b2 41. Bd3 Qd2+ 42. Be2 b1=Q 0-1


[Site "https://www.chess.com"]

[Event "Titled Tuesday Blitz April 26 Late 2022"]
[White "Yoo, Christopher Woojin"]
[Black "Moskalenko, Alexander"]
[WhiteFideId "30909694"]
[BlackFideId "4155351"]
[WhiteElo "2105"]
[BlackElo "2434"]
[Result "0-1"]
[Round "06"]
[TimeControl "180+1"]
[Date "2022.04.26"]
[WhiteClock "0:00:04"]
[BlackClock "0:01:11"]

1. e4 c5 2. Nf3 e6 3. c3 Nf6 4. e5 Nd5 5. d4 cxd4 6. cxd4 Nc6 7. Bc4 d6 8. O-O Be7 9. Qe2 O-O 10. Rd1 b6 11. Bd2 Bb7 12. Nc3 dxe5 13. dxe5 Nxc3 14. Bxc3 Qc7 15. Bd3 Rfd8 16. Rac1 Rac8 17. h4 Rd5 18. Be4 Rxd1+ 19. Rxd1 Rd8 20. Rc1 Nb4 21. Bd2 Qb8 22. Bxb4 Bxb4 23. Ng5 h6 24. Nxf7 Kxf7 25. Qf3+ Kg8 26. Bxb7 Qxe5 27. Rc2 Bc5 28. Ba6 Rf8 29. Qd1 Qg3 30. Qe1 Qxh4 31. Bd3 e5 32. a3 Bd4 33. Be4 Rxf2 34. Rxf2 Bxf2+ 35. Qxf2 Qxe4 36. Qg3 Qd4+ 37. Kh1 Qxb2 38. Qf3 Qc1+ 39. Kh2 Qf4+ 40. Qxf4 exf4 0-1


[Site "https://www.chess.com"]

[Event "Titled Tuesday Blitz April 26 Late 2022"]
[White "Yurasova, Daria"]
[Black "Lopez Del Alamo, Antonio"]
[WhiteFideId "34146919"]
[BlackFideId "2227339"]
[WhiteElo "2064"]
[BlackElo "2082"]
[Result "1/2-1/2"]
[Round "06"]
[TimeControl "180+1"]
[Date "2022.04.26"]
[WhiteClock "0:00:24"]
[BlackClock "0:00:14"]

1. e4 c5 2. Nf3 e6 3. d4 cxd4 4. Nxd4 Nf6 5. Nc3 Nc6 6. Be3 Bb4 7. Bd3 d5 8. exd5 Nxd5 9. Nxc6 bxc6 10. O-O Nxe3 11. fxe3 O-O 12. Ne4 Be7 13. Qf3 f5 14. Ng3 Qb6 15. Bc4 Kh8 16. Bb3 g6 17. Rad1 e5 18. Kh1 e4 19. Qe2 Bf6 20. Qc4 Ba6 21. Qe6 Bxf1 22. Rxf1 c5 23. Qc4 Bxb2 24. c3 Qa5 25. Ne2 Rad8 26. Qe6 Bxc3 27. Nf4 Qb6 28. Qc4 Bg7 29. Ne6 Rde8 30. Nxf8 Rxf8 31. Rd1 Qc7 32. Qe6 f4 33. Qxe4 fxe3 34. Qxe3 Bd4 35. Qg3 Qxg3 36. hxg3 Rf2 37. Re1 Kg7 38. Re7+ Kh6 39. Bg8 Kg5 40. Bxh7 Rxa2 41. Re6 Bf6 42. Rc6 Rc2 43. Ra6 c4 44. Rxa7 c3 45. Rc7 Rc1+ 46. Kh2 c2 47. Bg8 Bb2 48. Bb3 Bf6 49. Rxc2 Rxc2 50. Bxc2 Kh6 51. Bd1 Bg5 52. Bf3 Bf6 53. g4 Bg5 54. Kg3 Bf6 55. Kf2 Bg5 56. g3 Bf6 57. Kg2 Bg5 58. Be2 Bf6 59. Bf3 Bg5 60. Be2 Bf6 61. Bf3 1/2-1/2


[Site "https://www.chess.com"]

[Event "Titled Tuesday Blitz April 26 Late 2022"]
[White "Zherebtsova, Alexandra"]
[Black "Butti, Enrique"]
[WhiteFideId "24129518"]
[BlackFideId "3700470"]
[WhiteElo "2025"]
[BlackElo "2080"]
[Result "1-0"]
[Round "06"]
[TimeControl "180+1"]
[Date "2022.04.26"]
[WhiteClock "0:00:40"]
[BlackClock "0:01:23"]

1. d4 Nf6 2. Nf3 c5 3. d5 b5 4. Bg5 Qb6 5. Bxf6 Qxf6 6. c3 Bb7 7. e4 Qb6 8. Nbd2 e6 9. a4 a6 10. a5 Qc7 11. c4 b4 12. Nb3 Bd6 13. Bd3 O-O 14. O-O exd5 15. exd5 Be7 16. Qd2 d6 17. Ng5 Nd7 18. Bxh7+ Kh8 19. Bc2 Ne5 20. Qf4 Bxg5 21. Qxg5 g6 22. f4 Nxc4 23. f5 f6 24. Qh4+ Kg7 25. Qxc4 g5 26. Rae1 Rae8 27. Nd4 Bc8 28. Ne6+ Bxe6 29. fxe6 Qxa5 30. Qe4 1-0


[Site "https://www.chess.com"]

[Event "Titled Tuesday Blitz April 26 Late 2022"]
[White "Zhigalko, Sergei"]
[Black "Babazada, Khazar"]
[WhiteFideId "13502956"]
[BlackFideId "13413554"]
[WhiteElo "2662"]
[BlackElo "2406"]
[Result "0-1"]
[Round "06"]
[TimeControl "180+1"]
[Date "2022.04.26"]
[WhiteClock "0:00:01"]
[BlackClock "0:00:03"]

1. e4 c6 2. d4 d5 3. e5 c5 4. Nf3 Nc6 5. dxc5 Bg4 6. c3 e6 7. Be3 Nge7 8. Bb5 a6 9. Ba4 Qc7 10. Nbd2 Nf5 11. Bd4 O-O-O 12. Bxc6 Qxc6 13. b4 Be7 14. a4 g5 15. h3 Bxf3 16. Qxf3 h5 17. Qd3 Qc7 18. Nb3 g4 19. b5 g3 20. f4 Kd7 21. O-O Rc8 22. Kh1 Ke8 23. Bg1 Kf8 24. c4 dxc4 25. Qxc4 Kg7 26. Qe4 Rhd8 27. Rfd1 axb5 28. axb5 Rxd1 29. Rxd1 Rd8 30. b6 Qc8 31. Rxd8 Qxd8 32. Qxb7 Nh4 33. Nd4 Kh6 34. Qe4 Bxc5 35. Nxe6 fxe6 36. Bxc5 Qd1+ 37. Bg1 Nf5 38. b7 Qb3 39. Qc6 Nh4 40. Qe4 Nf5 41. Qf3 Qb5 42. Qe4 Kg6 43. Qf3 Kh6 44. Qe4 Nh4 45. Qd4 Qc6 46. Qd2 Qxb7 47. f5+ Kh7 48. fxe6 Qe4 49. Qb2 Qc6 50. Qd2 Qxe6 51. Qd3+ Ng6 52. Be3 Qxe5 53. Bg1 h4 54. Qd7+ Kh6 55. Qd2+ Kh7 56. Qd7+ Qe7 57. Qd3 Qf7 58. Qe4 Qf6 59. Bd4 Qf7 60. Bg1 Qf1 61. Qg4 Qf6 62. Qh5+ Kg7 63. Qd5 Qf7 64. Bd4+ Kg8 65. Qh5 Qf1+ 66. Bg1 Qf6 67. Qg4 Kh7 68. Qh5+ Kg8 69. Qd5+ Qf7 70. Qd3 Qe6 71. Qf3 Kh7 72. Qh5+ Kg8 73. Qf3 Qf7 74. Qg4 Qf6 75. Bd4 Qf1+ 76. Bg1 Kf7 77. Qd4 Qf5 78. Qc4+ Qe6 79. Qd4 Qe5 80. Qg4 Qf4 81. Qd7+ Kg8 0-1


[Site "https://www.chess.com"]

[Event "Titled Tuesday Blitz April 26 Late 2022"]
[White "volunteers1998"]
[Black "Yang, Kevin"]
[BlackFideId "30908485"]
[WhiteElo "2279"]
[BlackElo "2055"]
[Result "1/2-1/2"]
[Round "06"]
[TimeControl "180+1"]
[Date "2022.04.26"]
[WhiteClock "0:00:06"]
[BlackClock "0:00:09"]

1. e4 d6 2. d4 Nf6 3. Nc3 c6 4. f4 Qc7 5. Nf3 g6 6. Bd3 Bg7 7. O-O O-O 8. Kh1 a6 9. Be3 b5 10. Qe1 Bb7 11. Qh4 b4 12. Ne2 c5 13. dxc5 Bxe4 14. cxd6 exd6 15. Bxe4 Nxe4 16. Ned4 Nc6 17. f5 d5 18. fxg6 hxg6 19. Ng5 Nxg5 20. Nxc6 Qxc6 21. Bxg5 Qxc2 22. Bf6 Rae8 23. Bxg7 Kxg7 24. Qxb4 Re2 25. Qd4+ Kg8 26. Qxd5 Qxb2 27. Rae1 Qxa2 28. Qxa2 Rxa2 29. Ra1 Rxa1 30. Rxa1 Ra8 31. g4 Kf8 32. g5 Ke7 33. Ra5 Kd6 34. Kg2 Kc6 35. Kf3 Kb6 36. Ra1 a5 37. Ke4 Re8+ 38. Kd5 Re2 39. Rb1+ Ka6 40. Rf1 a4 41. Rxf7 a3 42. Rf6+ Ka5 43. Rxg6 a2 44. Rg8 Rxh2 45. Ra8+ Kb6 46. Ke5 Kc5 47. Kf6 Kb4 48. g6 Kb3 49. g7 Rg2 50. Kf7 Kb2 51. Rxa2+ Kxa2 52. g8=Q Rxg8 53. Kxg8 1/2-1/2


[Site "https://www.chess.com"]

[Event "Titled Tuesday Blitz April 26 Late 2022"]
[White "Akrakan"]
[Black "Yanayt, Eugene"]
[BlackFideId "2020165"]
[WhiteElo "2108"]
[BlackElo "2046"]
[Result "0-1"]
[Round "07"]
[TimeControl "180+1"]
[Date "2022.04.26"]
[WhiteClock "0:00:16"]
[BlackClock "0:00:07"]

1. e4 c5 2. Nf3 g6 3. c3 d5 4. e5 a6 5. d4 Nc6 6. Bd3 Bg7 7. h3 f6 8. Qe2 fxe5 9. dxe5 Nh6 10. O-O O-O 11. e6 Nf5 12. Re1 Rf6 13. Bxf5 gxf5 14. Qc2 h6 15. Bf4 Bxe6 16. Nbd2 Rc8 17. Rad1 d4 18. Nf1 Bd5 19. Ng3 Bxf3 20. gxf3 Qd5 21. Kg2 e5 22. c4 Qd6 23. Nxf5 Qf8 24. Nxg7 Qxg7+ 25. Bg3 Rcf8 26. Qe4 Qf7 27. Rd3 Nb4 28. Rb3 d3 29. a3 Rxf3 30. axb4 d2 31. Rd1 Rxb3 32. Rxd2 Qf3+ 33. Qxf3 Rfxf3 34. Bxe5 cxb4 35. Bg3 Rfd3 36. Rc2 Rd8 37. c5 Rc8 38. Be5 Rd3 39. Bd6 Rxd6 40. Rd2 Rxd2 0-1


[Site "https://www.chess.com"]

[Event "Titled Tuesday Blitz April 26 Late 2022"]
[White "Alinasab, Mobina"]
[Black "Maltsevskaya, Aleksandra"]
[WhiteFideId "12528897"]
[BlackFideId "24174041"]
[WhiteElo "2031"]
[BlackElo "2235"]
[Result "1-0"]
[Round "07"]
[TimeControl "180+1"]
[Date "2022.04.26"]
[WhiteClock "0:00:42"]
[BlackClock "0:00:47"]

1. e4 c5 2. Nf3 e6 3. d4 cxd4 4. Nxd4 Nf6 5. Nc3 Nc6 6. Ndb5 Bc5 7. Nd6+ Ke7 8. Bf4 e5 9. Nf5+ Kf8 10. Be3 Bb4 11. Nd6 Qc7 12. Nb5 Qa5 13. a3 Be7 14. b4 Qd8 15. Nd6 a5 16. b5 Nd4 17. Nc4 d5 18. exd5 Bf5 19. Bxd4 exd4 20. Qxd4 Nd7 21. Qf4 g6 22. Bd3 Bf6 23. Qd2 Qe7+ 24. Be2 Rc8 25. O-O Ne5 26. d6 Qd7 27. Nb6 Qd8 28. Nxc8 Qxc8 29. Nd5 Kg7 30. Nxf6 Kxf6 31. Qd4 Ke6 32. c4 f6 33. c5 Kf7 34. f4 Nd7 35. Rac1 Re8 36. Bf3 Nf8 37. c6 bxc6 38. bxc6 Rd8 39. c7 Rd7 40. Bb7 1-0


[Site "https://www.chess.com"]

[Event "Titled Tuesday Blitz April 26 Late 2022"]
[White "Andreikin, Dmitry"]
[Black "Drygalov, Andrey"]
[WhiteFideId "4158814"]
[BlackFideId "24171735"]
[WhiteElo "2736"]
[BlackElo "2540"]
[Result "1-0"]
[Round "07"]
[TimeControl "180+1"]
[Date "2022.04.26"]
[WhiteClock "0:00:28"]
[BlackClock "0:01:01"]

1. e4 c5 2. Nc3 d6 3. Nge2 Nf6 4. h3 a6 5. g4 b5 6. Bg2 Bb7 7. g5 Nfd7 8. h4 e5 9. d3 Be7 10. Nd5 Nc6 11. Ng3 g6 12. h5 Bxg5 13. hxg6 fxg6 14. Qg4 Bxc1 15. Qe6+ Ne7 16. Rxc1 h5 17. Nxe7 Qxe7 18. Qxg6+ Qf7 19. Qxd6 Rg8 20. Rxh5 Qg6 21. Qxg6+ Rxg6 22. Bh3 O-O-O 23. Rxe5 Rh6 24. Rxc5+ Kb8 25. Bxd7 Rxd7 26. Rh5 Rf6 27. Rf5 Rg6 28. Ke2 Rh7 29. c4 b4 30. Ke3 Bc8 31. Rf8 Kb7 32. c5 Bd7 33. Rc4 a5 34. Rd4 Bb5 35. Rd6 Rxd6 36. cxd6 Kc6 37. Nf5 Kd7 38. Ra8 Rh3+ 39. f3 Rh1 40. Rxa5 Bc6 41. Ra7+ Kd8 42. Nd4 Bd7 43. Ra8+ Bc8 44. Ne6+ Kd7 45. Nc5+ Kxd6 46. Rxc8 Rb1 47. b3 Rb2 48. Kd4 Rxa2 49. e5+ Ke7 50. Rc7+ Ke8 51. f4 Rf2 52. Ke4 Kd8 53. Rb7 Ke8 54. Rxb4 Ke7 55. Rb7+ Ke8 56. b4 Kf8 57. e6 Ke8 58. Ke5 Re2+ 59. Kf6 Kd8 60. e7+ Kc8 61. Rd7 1-0


[Site "https://www.chess.com"]

[Event "Titled Tuesday Blitz April 26 Late 2022"]
[White "Arnold, Ken"]
[Black "Gomez Dieguez, David"]
[WhiteFideId "2056836"]
[BlackFideId "22223630"]
[WhiteElo "2285"]
[BlackElo "2115"]
[Result "0-1"]
[Round "07"]
[TimeControl "180+1"]
[Date "2022.04.26"]
[WhiteClock "0:00:51"]
[BlackClock "0:01:11"]

1. d4 Nf6 2. c4 e6 3. Nf3 d5 4. Nc3 c5 5. cxd5 Nxd5 6. e4 Nxc3 7. bxc3 cxd4 8. cxd4 Bb4+ 9. Bd2 Bxd2+ 10. Qxd2 O-O 11. Be2 b6 12. O-O Bb7 13. Qe3 Nc6 14. Rfd1 h6 15. Ne5 Nxe5 16. dxe5 Qg5 17. f4 Qe7 18. Rd6 Rac8 19. Rad1 Rc7 20. Qg3 Bxe4 21. Bf3 Bxf3 22. Qxf3 Rfc8 23. h3 g6 24. Kh2 Rc3 25. Qg4 h5 26. Qe2 Qh4 27. Rf1 Qg3+ 28. Kh1 Rc2 29. Qe4 Rc1 30. Rdd1 Rxd1 31. Rxd1 Qf2 32. Qb7 Rc2 33. Qa8+ Kg7 34. Rd8 Rc1+ 35. Kh2 Qxf4+ 0-1


[Site "https://www.chess.com"]

[Event "Titled Tuesday Blitz April 26 Late 2022"]
[White "Aroesti, Roee"]
[Black "Zhigalko, Sergei"]
[WhiteFideId "2817144"]
[BlackFideId "13502956"]
[WhiteElo "2068"]
[BlackElo "2662"]
[Result "0-1"]
[Round "07"]
[TimeControl "180+1"]
[Date "2022.04.26"]
[WhiteClock "0:00:03"]
[BlackClock "0:00:08"]

1. e4 c5 2. Nf3 Nc6 3. Nc3 Nf6 4. Bb5 Qc7 5. O-O Nd4 6. Re1 a6 7. Bf1 Ng4 8. g3 Nxf3+ 9. Qxf3 Ne5 10. Qe2 e6 11. b3 Be7 12. Bb2 O-O 13. Bg2 b5 14. h3 Bb7 15. Nd1 d6 16. Ne3 Rac8 17. Ng4 c4 18. Bc3 Rfd8 19. f4 Nd7 20. Rf1 Qc5+ 21. Kh2 b4 22. Bb2 a5 23. Rac1 c3 24. Ba1 h5 25. Nf2 Bf6 26. Nd3 Qb5 27. e5 Bxg2 28. Kxg2 dxe5 29. dxc3 bxc3 30. Qxh5 Qd5+ 31. Kh2 e4 32. Qxd5 exd5 33. Nf2 Nc5 34. Ng4 d4 35. Rfe1 Be7 36. Rcd1 f5 37. Ne5 Bf6 38. Nc4 d3 39. g4 dxc2 40. Rxd8+ Rxd8 41. Rc1 Rd2+ 42. Kg3 Nd3 43. gxf5 Nxc1 44. Kg4 Ne2 45. Ne5 c1=Q 46. Kh5 Bxe5 47. Bxc3 Bxc3 48. f6 Qf1 49. Kg6 Nxf4+ 50. Kf5 Nd5+ 51. Ke6 Qxf6+ 52. Kd7 Nb4+ 53. Kc7 Qe6 54. Kb7 Rd7+ 0-1


[Site "https://www.chess.com"]

[Event "Titled Tuesday Blitz April 26 Late 2022"]
[White "Aung Thant Zin"]
[Black "Vega Gutierrez, Sabrina"]
[WhiteFideId "13000063"]
[BlackFideId "2219026"]
[WhiteElo "2278"]
[BlackElo "2286"]
[Result "0-1"]
[Round "07"]
[TimeControl "180+1"]
[Date "2022.04.26"]
[WhiteClock "0:00:01"]
[BlackClock "0:01:13"]

1. e4 c5 2. Nf3 e6 3. d4 cxd4 4. Nxd4 Nf6 5. Nc3 Nc6 6. Nxc6 bxc6 7. e5 Nd5 8. Ne4 Qc7 9. c4 Qxe5 10. Qe2 Bb4+ 11. Kd1 Nf6 12. f3 O-O 13. a3 Be7 14. Bd2 d5 15. Bc3 Qf5 16. Ng3 Qf4 17. Be5 Qh4 18. Kc2 Ba6 19. b3 Nd7 20. Bb2 Bf6 21. Rc1 Rab8 0-1


[Site "https://www.chess.com"]

[Event "Titled Tuesday Blitz April 26 Late 2022"]
[White "Babazada, Khazar"]
[Black "Martinez Alcantara, Jose Eduardo"]
[WhiteFideId "13413554"]
[BlackFideId "3805662"]
[WhiteElo "2406"]
[BlackElo "2690"]
[Result "1-0"]
[Round "07"]
[TimeControl "180+1"]
[Date "2022.04.26"]
[WhiteClock "0:00:30"]
[BlackClock "0:00:14"]

1. Nf3 c5 2. g3 Nc6 3. d4 cxd4 4. Nxd4 g6 5. Bg2 Bg7 6. Nxc6 bxc6 7. c4 Nf6 8. O-O O-O 9. Nc3 a5 10. c5 Ba6 11. Bf4 Qc8 12. Be5 Qb7 13. Qc2 Rfd8 14. Rad1 a4 15. Rd4 a3 16. b4 d6 17. cxd6 exd6 18. Rxd6 Rxd6 19. Bxd6 Bc4 20. Rd1 Rc8 21. Bc5 Qa6 22. Rd6 Ne8 23. Rd7 Be6 24. Ra7 Qc4 25. Rxa3 Nf6 26. Qd3 Qg4 27. h3 Qg5 28. Ra7 Qc1+ 29. Kh2 Bf5 30. e4 Be6 31. Ne2 Qb2 32. Nf4 Bxa2 33. e5 Nd5 34. Nxd5 Bxd5 35. Bxd5 cxd5 36. Qxd5 Kh8 37. Ra8 1-0


[Site "https://www.chess.com"]

[Event "Titled Tuesday Blitz April 26 Late 2022"]
[White "Baches Garcia, Guillermo"]
[Black "Bachmann, Axel"]
[WhiteFideId "2209764"]
[BlackFideId "3700488"]
[WhiteElo "2510"]
[BlackElo "2587"]
[Result "1/2-1/2"]
[Round "07"]
[TimeControl "180+1"]
[Date "2022.04.26"]
[WhiteClock "0:00:05"]
[BlackClock "0:00:05"]

1. e4 c5 2. Nf3 d6 3. d4 cxd4 4. Nxd4 Nf6 5. Nc3 a6 6. Bd3 e5 7. Nde2 Be6 8. f4 Be7 9. f5 Bd7 10. Ng3 Bc6 11. Nh5 Nxh5 12. Qxh5 Nd7 13. O-O Nf6 14. Qh3 d5 15. exd5 Nxd5 16. Ne4 Nf6 17. Ng3 Qb6+ 18. Kh1 O-O-O 19. Bg5 Kb8 20. Rae1 Bd6 21. Nh5 Rhg8 22. Re2 Ka8 23. Qh4 e4 24. Bc4 Qc7 25. Bb3 Rde8 26. Bxf6 gxf6 27. Nxf6 Be7 28. Nxe8 Bxe8 29. f6 Bd6 30. Qxh7 Rg6 31. Rxe4 Bc6 32. Re2 Ka7 33. Qxf7 Qxf7 34. Bxf7 Rh6 35. Kg1 Bc5+ 36. Ref2 Rxf6 37. Bh5 a5 38. Bf3 Bxf3 39. gxf3 Rxf3 40. Kg2 Bxf2 41. Rxf2 Re3 42. Rf3 Re2+ 43. Rf2 Re4 44. h3 Ka6 45. Kg3 b6 46. h4 Re5 47. Kg4 Re4+ 48. Kg5 Re5+ 49. Kg6 Re6+ 50. Kg5 Re5+ 51. Rf5 Re2 52. h5 Rxc2 53. h6 Rxb2 54. Kg6 Rg2+ 55. Rg5 Rc2 56. h7 Rc6+ 57. Kg7 Rc7+ 58. Kh6 Rc6+ 59. Kh5 Rc8 60. Rg8 Rc5+ 61. Kh4 Rc4+ 62. Kg5 Rc5+ 63. Kf4 Rc4+ 64. Ke3 Rc3+ 65. Kd4 Ra3 66. h8=Q Rxa2 67. Ra8+ Kb5 68. Qe8+ Kb4 69. Qe7+ Ka4 70. Qd7+ b5 71. Qe7 Rd2+ 72. Kc3 Rd5 73. Qe4+ b4+ 74. Kb2 Rd2+ 75. Kc1 Ra2 76. Qc6+ Kb3 77. Rxa5 Rxa5 78. Qf3+ Ka4 79. Qc6+ Rb5 80. Kb2 b3 81. Kb1 Kb4 82. Qe4+ Ka5 83. Qc6 b2 84. Qa8+ Kb4 85. Qe4+ Ka5 86. Qa8+ Kb6 87. Qe4 Ka6 88. Qe2 Kb6 89. Qxb5+ Kxb5 90. Kxb2 1/2-1/2


[Site "https://www.chess.com"]

[Event "Titled Tuesday Blitz April 26 Late 2022"]
[White "Balint, Vilmos"]
[Black "Gnechko, Ruslan"]
[WhiteFideId "718050"]
[BlackFideId "14135868"]
[WhiteElo "2059"]
[BlackElo "2289"]
[Result "1-0"]
[Round "07"]
[TimeControl "180+1"]
[Date "2022.04.26"]
[WhiteClock "0:00:47"]
[BlackClock "0:00:04"]

1. e4 c6 2. d4 d5 3. e5 Bf5 4. Nf3 e6 5. Be2 Nd7 6. O-O Ne7 7. c4 dxc4 8. Bxc4 Nb6 9. Bd3 Bxd3 10. Qxd3 Ned5 11. Nc3 Be7 12. Ne4 h6 13. b3 O-O 14. a4 a5 15. Ba3 Nb4 16. Bxb4 Bxb4 17. Rfd1 Nd5 18. Nfd2 Nf4 19. Qf3 Nd5 20. Nc4 Qh4 21. g3 Qh3 22. Rac1 Rad8 23. Ned6 Rd7 24. Ne4 f5 25. Nc5 Bxc5 26. dxc5 f4 27. Qg2 Qh5 28. g4 Qg6 29. f3 Rfd8 30. Qc2 Qg5 31. Qe4 Qh4 32. Nd6 Ne3 33. Rd2 Nd5 34. Qg6 b6 35. Qxe6+ Kh7 36. Qf5+ Kh8 37. e6 Re7 38. Nf7+ Rxf7 39. exf7 Qe7 40. Kh1 Rf8 41. cxb6 Rxf7 42. Qc8+ Kh7 43. Qxc6 Ne3 44. Qe4+ Qxe4 45. fxe4 f3 46. Rc7 Rf4 47. Rf2 Nxg4 48. Rf1 Ne3 49. b7 Nxf1 50. b8=Q Rh4 51. Rf7 Rxh2+ 52. Qxh2 Nxh2 53. Kxh2 1-0


[Site "https://www.chess.com"]

[Event "Titled Tuesday Blitz April 26 Late 2022"]
[White "Bortnyk, Olexandr"]
[Black "Oparin, Grigoriy"]
[WhiteFideId "14120828"]
[BlackFideId "24125890"]
[WhiteElo "2723"]
[BlackElo "2665"]
[Result "1-0"]
[Round "07"]
[TimeControl "180+1"]
[Date "2022.04.26"]
[WhiteClock "0:01:22"]
[BlackClock "0:00:01"]

1. d4 Nf6 2. Nc3 d5 3. Bf4 e6 4. Nb5 Na6 5. e3 Be7 6. Nf3 O-O 7. Ne5 c6 8. Nc3 c5 9. Bxa6 bxa6 10. O-O Bb7 11. Na4 cxd4 12. exd4 Rc8 13. c3 Ne4 14. f3 Nf6 15. b4 Nd7 16. Nc5 Bxc5 17. bxc5 f6 18. Nxd7 Qxd7 19. Bd6 Rfe8 20. f4 Bc6 21. a4 a5 22. Qc2 Qf7 23. Rf3 Rcd8 24. Rh3 Qg6 25. Qe2 Rd7 26. Re3 Qf7 27. Qa6 Bb7 28. Qxa5 Bc8 29. Rae1 Rb7 30. c6 Rb2 31. Qxd5 h5 32. Qe4 h4 33. h3 Qh5 34. c4 Ba6 35. d5 Bc8 36. R3e2 Rxe2 37. Qxe2 Qf5 38. Bc5 Kf7 39. Qe3 e5 40. d6 e4 41. Rd1 Rd8 42. Bxa7 Kg6 43. Bb6 1-0


[Site "https://www.chess.com"]

[Event "Titled Tuesday Blitz April 26 Late 2022"]
[White "Brodowski, Piotr"]
[Black "Czopor, Maciej"]
[WhiteFideId "1124480"]
[BlackFideId "21805431"]
[WhiteElo "2422"]
[BlackElo "1999"]
[Result "1-0"]
[Round "07"]
[TimeControl "180+1"]
[Date "2022.04.26"]
[WhiteClock "0:00:14"]
[BlackClock "0:00:01"]

1. e4 c6 2. Nc3 d5 3. Nf3 Bg4 4. h3 Bxf3 5. Qxf3 e6 6. d3 Nd7 7. Bd2 Qb6 8. O-O-O d4 9. Ne2 a5 10. Qg3 Ngf6 11. f4 g6 12. Kb1 Bb4 13. Bc1 a4 14. Qf2 Bc5 15. g4 a3 16. b3 O-O-O 17. Bg2 Nb8 18. f5 exf5 19. Rhf1 Be7 20. g5 Nh5 21. exf5 Na6 22. Bf3 Qc5 23. Bxh5 gxh5 24. Ng3 Rhe8 25. Ne4 Qd5 26. Qf3 h4 27. Qg4 Kb8 28. Qxh4 Nc5 29. Rde1 Nxe4 30. Rxe4 Bb4 31. Rf3 Rxe4 32. Qxe4 Qxe4 33. dxe4 Re8 34. Rf4 Bd6 35. Rh4 1-0


[Site "https://www.chess.com"]

[Event "Titled Tuesday Blitz April 26 Late 2022"]
[White "Burke, Paul"]
[Black "Aigner, Michael"]
[WhiteFideId "2605767"]
[BlackFideId "2017288"]
[WhiteElo "1886"]
[BlackElo "2391"]
[Result "1/2-1/2"]
[Round "07"]
[TimeControl "180+1"]
[Date "2022.04.26"]
[WhiteClock "0:01:45"]
[BlackClock "0:01:54"]

1. e4 c5 2. d4 cxd4 3. c3 Nf6 4. Bd3 d5 5. e5 Ne4 6. Bxe4 dxe4 7. cxd4 Nc6 8. Ne2 Bg4 9. Nbc3 Bxe2 10. Nxe2 Qd5 11. O-O Rd8 12. Be3 e6 13. Nc3 Qd7 14. Nxe4 Nxd4 15. Bxd4 Qxd4 16. Nd6+ Rxd6 17. exd6 Qxd6 18. Qxd6 Bxd6 19. Rfd1 Ke7 20. Kf1 Rd8 21. g3 h5 22. Ke2 g6 23. Rd2 a6 24. Rad1 Rd7 25. f4 Rd8 26. Kf3 Rd7 27. Ke4 Rd8 28. Kf3 Rd7 29. Ke4 Rd8 30. Kf3 1/2-1/2


[Site "https://www.chess.com"]

[Event "Titled Tuesday Blitz April 26 Late 2022"]
[White "Butti, Enrique"]
[Black "Buchenau, Frank"]
[WhiteFideId "3700470"]
[BlackFideId "4604350"]
[WhiteElo "2080"]
[BlackElo "2193"]
[Result "0-1"]
[Round "07"]
[TimeControl "180+1"]
[Date "2022.04.26"]
[WhiteClock "0:00:35"]
[BlackClock "0:01:24"]

1. d4 e6 2. Nf3 Nf6 3. e3 b6 4. Bd3 Bb7 5. O-O c5 6. b3 g6 7. Bb2 Bg7 8. c4 O-O 9. Nbd2 d6 10. Qc2 Nbd7 11. Rfd1 Rc8 12. Rac1 Qe7 13. Qb1 Rfd8 14. Qa1 a6 15. dxc5 Nxc5 16. Bc2 b5 17. cxb5 axb5 18. b4 Na4 19. Bxa4 bxa4 20. a3 e5 21. Ne1 Qe6 22. f3 Bh6 23. Nf1 Nd5 24. Kf2 Nb6 25. Nd2 Qf6 26. g3 Qg5 27. f4 Qh5 28. Ndf3 Nc4 29. fxe5 dxe5 30. Rxd8+ Rxd8 31. Rxc4 e4 32. Nh4 Rd2+ 33. Kg1 Qe2 34. Nhg2 Qf2+ 0-1


[Site "https://www.chess.com"]

[Event "Titled Tuesday Blitz April 26 Late 2022"]
[White "Carrasco Miranda, Andres"]
[Black "Mirza, Diana"]
[WhiteFideId "3405990"]
[BlackFideId "2503999"]
[WhiteElo "2177"]
[BlackElo "1813"]
[Result "1-0"]
[Round "07"]
[TimeControl "180+1"]
[Date "2022.04.26"]
[WhiteClock "0:01:01"]
[BlackClock "0:00:05"]

1. d4 Nf6 2. c4 g6 3. g3 Bg7 4. Bg2 O-O 5. Nc3 d6 6. Nf3 Nbd7 7. O-O e5 8. e4 exd4 9. Nxd4 a5 10. h3 Nc5 11. Ndb5 Be6 12. e5 dxe5 13. Qxd8 Rfxd8 14. Nxc7 Bxc4 15. Nxa8 Bxf1 16. Kxf1 Rxa8 17. Be3 Rc8 18. Rd1 e4 19. g4 Nd3 20. Nxe4 Nxb2 21. Nxf6+ Bxf6 22. Rd7 b5 23. Bd5 Nc4 24. Rxf7 Nxe3+ 25. fxe3 Rc1+ 26. Ke2 1-0


[Site "https://www.chess.com"]

[Event "Titled Tuesday Blitz April 26 Late 2022"]
[White "Caruana, Fabiano"]
[Black "Demchenko, Anton"]
[WhiteFideId "2020009"]
[BlackFideId "4160258"]
[WhiteElo "2744"]
[BlackElo "2539"]
[Result "1-0"]
[Round "07"]
[TimeControl "180+1"]
[Date "2022.04.26"]
[WhiteClock "0:00:19"]
[BlackClock "0:00:02"]

1. d4 Nf6 2. c4 d6 3. Nf3 Nc6 4. d5 Ne5 5. Nxe5 dxe5 6. Nc3 e6 7. e4 Bc5 8. Be2 O-O 9. O-O c6 10. Bg5 h6 11. Bh4 Bd4 12. dxc6 bxc6 13. Qc2 Rb8 14. Rad1 Qa5 15. Bxf6 gxf6 16. Rd3 Rd8 17. Kh1 Qb4 18. b3 Kf8 19. Rfd1 Ke7 20. Bh5 Bb7 21. Nb1 Qb6 22. Nc3 a5 23. Na4 Qb4 24. Bf3 c5 25. h3 Bc6 26. Nb2 Bxb2 27. Qxb2 Rd4 28. Rxd4 cxd4 29. Qc1 a4 30. Qxh6 axb3 31. axb3 Qxb3 32. Ra1 Qb2 33. Ra7+ Rb7 34. Ra8 Rb8 35. Rxb8 Qxb8 36. Qc1 Qa8 37. Qb1 f5 38. Qb4+ Kf6 39. h4 fxe4 40. Qd2 Qg8 41. Bd1 Qxg2+ 42. Kxg2 e3+ 43. Kf1 exd2 44. Ke2 e4 45. Kxd2 Kf5 46. Bh5 f6 47. Bf7 Kg4 48. Bxe6+ Kxh4 49. Bd5 Bd7 50. Bxe4 Kg5 51. Kd3 Kf4 52. Kxd4 f5 53. Bd5 Kg4 54. c5 f4 55. c6 Bc8 56. Ke5 f3 57. c7 Kh3 58. Bxf3 Kh2 59. Bd5 Kg1 60. f4 Kf2 61. Be6 1-0


[Site "https://www.chess.com"]

[Event "Titled Tuesday Blitz April 26 Late 2022"]
[White "D`Arruda, Ricardo D."]
[Black "Kim, Sergey"]
[WhiteFideId "100692"]
[BlackFideId "13700570"]
[WhiteElo "2373"]
[BlackElo "2493"]
[Result "0-1"]
[Round "07"]
[TimeControl "180+1"]
[Date "2022.04.26"]
[WhiteClock "0:00:04"]
[BlackClock "0:00:45"]

1. d4 Nf6 2. Nf3 g6 3. Nc3 Bg7 4. e4 d6 5. Bg5 c6 6. Qd2 Qa5 7. O-O-O b5 8. e5 dxe5 9. dxe5 Nfd7 10. Bh6 Bxh6 11. Qxh6 b4 12. Ne4 Qxa2 13. Qg7 Rf8 14. Neg5 Qa1+ 15. Kd2 Qxb2 16. Bd3 Qc3+ 17. Ke2 Na6 18. Nxh7 Nac5 19. Nxf8 Nxf8 20. Rhe1 b3 21. Ng5 Be6 22. Nxe6 Ncxe6 23. Qh6 bxc2 24. Rc1 g5 25. Be4 Qc4+ 26. Kf3 O-O-O 27. Kg3 Qc3+ 28. f3 Qxe5+ 29. Kf2 Qc5+ 30. Kf1 Rd2 31. Re2 Rd1+ 32. Re1 Qc4+ 33. Kf2 Qd4+ 34. Kf1 Rd2 35. Re2 Qc4 0-1


[Site "https://www.chess.com"]